 Dungeon Crawl Stone Soup version 0.30.0-5-g1a98f26d00 (webtiles) character file.

Game seed: 13075841277627160549

90 SnakkuSnakku7 the Firebug (level 4, 0/23 HPs)
             Began as a Vine Stalker Fire Elementalist on May 13, 2023.
             Succumbed to an orc wizard's poison
             ... on level 2 of the Dungeon.
             The game lasted 00:03:04 (1487 turns).

SnakkuSnakku7 the Firebug (VSFE)                    Turns: 1487, Time: 00:03:05

Health: 0/23       AC:  9    Str: 12    XL:     4   Next: 56%
Magic:  3/8        EV: 10    Int: 15    God:
Gold:   193        SH:  0    Dex: 15    Spells: 6/7 levels left

rFire   . .          .
                       - Unarmed
rCold   . . .        (no shield)
rNeg    . . .        l - +0 ring mail
rPois   .            (no helmet)
rElec   .            (no cloak)
rCorr   .            (no gloves)
SInv    .            (no boots)
Will    .....        (no amulet)
Stlth   +            c - +4 ring of protection
HPRegen 1.03/turn    (no ring)
MPRegen 0.11/turn

%: guardian spirit
@: lethally poisoned (0 -> 0)
A: fangs 2, regeneration 1, magic shield, antimagic bite, no potion heal 2
a: no special abilities


You were on level 2 of the Dungeon.
You visited 1 branch of the dungeon, and saw 3 of its levels.

You collected 193 gold pieces.

Inventory:

Armour
 a - a +0 robe
 l - a +0 ring mail (worn)
Jewellery
 c - a +4 ring of protection (left hand)
Scrolls
 d - 5 scrolls of identify {unknown}
 f - a scroll of enchant armour {unknown}
 g - 2 scrolls of amnesia {unknown}
 h - a scroll of noise {unknown}
 j - a scroll of teleportation {unknown}
 m - 2 scrolls of blinking {unknown}
Potions
 b - 2 potions of magic
 e - a potion of degeneration {unknown}
 i - 2 potions of heal wounds {unknown}
 k - a potion of brilliance {unknown}
 n - a potion of attraction {unknown}


   Skills:
 + Level 2.4 Fighting
 - Level 1.5 Dodging
 - Level 2.4 Stealth
 + Level 2.7 Unarmed Combat
 - Level 2.1 Spellcasting
 - Level 1.0 Conjurations
 - Level 3.0 Fire Magic


You had 6 spell levels left.
You knew the following spells:

 Your Spells              Type           Power      Damage    Failure   Level
a - Foxfire               Conj/Fire      28%        2x1d5     22%         1

Your spell library contained the following spells:

 Spells                   Type           Power      Damage    Failure   Level
 Scorch                   Fire           20%        2d6       22%         2
 Inner Flame              Hex/Fire       6%         N/A       63%         3
 Volatile Blastmotes      Fire/Tloc      12%        2d11      63%         3
 Flame Wave               Conj/Fire      7%         2d5       91%         4


Dungeon Overview and Level Annotations

Branches:
Dungeon (3/15)

Altars:
Vehumet

Shops:
D:2 (=


Innate Abilities, Weirdness & Mutations

You have extremely sharp teeth.
Your natural rate of healing is unusually fast.
When hurt, damage is shared between your health and your magic reserves.
Your bite disrupts and absorbs the magic of your enemies.
Potions cannot restore your health.


Message History

You bump into the rock wall.
You feel sick.
You feel sick.
You feel sick.
The orc wizard mumbles some strange words.
The orc wizard flickers and vanishes!
Deactivating autopickup; reactivate with Ctrl-A.
You bump into the rock wall.
You feel sick.
You bump into the rock wall.
You feel less confused.
You feel sick.
You hear some strange, mumbled words.
A puff of flame appears from out of thin air!
The puff of flame hits you.
You feel sick.
The orc priest mumbles some strange prayers to Beogh against you.
Something hits you but does no damage.
You are more poisoned.
You feel sick.
The orc priest calls down the wrath of Beogh upon you.
Beogh smites you!
* * * LOW HITPOINT WARNING * * *
You feel sick. Something hits you but does no damage.
You feel sick. Something hits you but does no damage.
You are lethally poisoned!
* * * LOW HITPOINT WARNING * * *
You feel very sick.
* * * LOW HITPOINT WARNING * * *
You feel sick.
There is a stone staircase leading up here.
* * * LOW HITPOINT WARNING * * *
You feel sick.
You climb upwards.
Reactivating autopickup.
* * * LOW HITPOINT WARNING * * *
You feel sick.
There is a stone staircase leading down here.
Deactivating autopickup; reactivate with Ctrl-A.
You miss something.
You die...

####.######.#.#.# #........#.#.##
####.#...(>.#.#.# ##.####.###....
.......###......# #.....## ##...
####.### #.#.##.# #.####.###.##.
# #.# #.#.##.# #.# ##.#.###. #
#.# #.#.##.# #.# ##.## #. # ##.##
#.#.##.####.######.# #. #
#...####.#................# #. #
#.#...........@...........####.
###...#.......######.#####.......
.............## #......#..####.
#######.##.### #.'''''#..####.
#.##.# #.'''''........ #.##.#
#.''_''.>.##### ##.##.#
#.'''''...##### #..##.#
#.'''†'#....... #.###.##
###....#.######


There were no monsters in sight!

Vanquished Creatures
  2 gnolls
  An adder (D:1)
  3 worms (D:2)
  2 dart slugs
  3 bats
  5 endoplasms
  5 giant cockroaches
  4 goblins
  2 hobgoblins
  3 jackals (D:1)
  4 kobolds
  3 quokkas
  5 ball pythons
  A frilled lizard (D:1)
  2 rats
45 creatures vanquished.

Vanquished Creatures (others)
  9 foxfires (D:1)
9 creatures vanquished.

Grand Total: 54 creatures vanquished

Notes
Turn   | Place    | Note
-------+----------+-------------------------------------------
     0 | D:1      | SnakkuSnakku7 the Vine Stalker Fire Elementalist began the
                  | quest for the Orb.
     0 | D:1      | Reached XP level 1. HP: 9/9 MP: 4/4
   153 | D:1      | Reached skill level 1 in Unarmed Combat
   153 | D:1      | Reached XP level 2. HP: 14/14 MP: 6/6
   201 | D:1      | Reached skill level 1 in Fighting
   547 | D:1      | Reached XP level 3. HP: 18/18 MP: 7/7
   823 | D:2      | Found Patiun's Jewellery Boutique.
   900 | D:2      | Found Elaud's Antique Weapon Shop.
  1019 | D:1      | Gained mutation: Your natural rate of healing is unusually
                  | fast. [Vine Stalker growth]
  1019 | D:1      | Reached XP level 4. HP: 10/23 MP: 3/8
  1161 | D:2      | Found a faded altar of an unknown god.
  1453 | D:3      | Found a radiant altar of Vehumet.
  1484 | D:3      | HP: 1/23 [poisoned by an orc wizard]
  1487 | D:2      | Succumbed to an orc wizard's poison

Illustrated notes

Levels and vault maps discovered:
D:1:      lightli_iron_boxes, layout_basic
D:2:      layout_loops_ring, hellmonk_ecumenical_altar_heavens_door,
          serial_shops, nicolae_shop_advertising_works
          [nicolae_subvault_shop_adworks], shop
D:3:      layout_loops_ring, okawaru_gym_becter, mainiacjoe_overflow_alcove_1,
          marbit_many_paths, fiery_altar_vehumet, uniq_ijyb, uniq_jessica

Skill      XL: |  1  2  3 |
---------------+----------+-----
Unarmed Combat | 1 2 |  2.7
Fighting       | 1 2 |  2.4
Dodging        | |  1.5
Stealth        | |  2.4
Spellcasting   | |  2.1
Conjurations   | |  1.0
Fire Magic     | |  3.0

Action                     |  1- 3 |  4- 6 || total
---------------------------+-------+-------++-------
  Melee: Unarmed           |   155 |    48 ||   203
         Bite              |    38 |    12 ||    50
         Punch             |     6 |     2 ||     8
   Cast: Foxfire           |     2 |     3 ||     5
   Stab: Sleeping          |     7 |     1 ||     8
 Armour: Robe              |    43 |       ||    43
         Ring mail         |     6 |    22 ||    28
  Dodge: Dodged            |    95 |    24 ||   119
